 Dungeon Crawl Stone Soup version 0.18-a0-1084-g259f6cf (webtiles) character file.

671 Leibowitz the Sneak (level 7, 0/57 HPs)
             Began as a Demigod Assassin on Jan 15, 2016.
             Slain by a sky beast (4 damage)
             ... on level 5 of the Dungeon.
             The game lasted 00:12:00 (3495 turns).

Leibowitz the Sneak (Demigod Assassin)              Turns: 3495, Time: 00:12:00

Health: 0/57       AC:  5    Str: 16    XL:     7   Next: 10%
Magic:  9/9        EV: 13    Int: 15    God:
Gold:   236        SH:  0    Dex: 19    Spells: 0 memorised, 6 levels left

rFire  + . .     SeeInvis .     a - +3 dagger
rCold  . . .     Gourm    .     v - +1 leather armour {rF+}
rNeg   . . .     Faith    .     (no shield)
rPois  .         Spirit   .     (no helmet)
rElec  .         Dismiss  .     d - +0 cloak
rCorr  .         Reflect  .     (no gloves)
SustAt +         Harm     .     (no boots)
MR     .....                    (no amulet)
Stlth  +++.......               (no ring)
                                (no ring)

@: not resistant to hostile enchantments, fairly stealthy
A: high mp 1, sustain attributes
a: no special abilities


You were on level 5 of the Dungeon.
You were not hungry.

You visited 1 branch of the dungeon, and saw 5 of its levels.

You collected 236 gold pieces.

Inventory:

Hand Weapons
 a - a +3 dagger (weapon)
 b - a +0 blowgun
Missiles
 e - 10 poisoned needles
Armour
 d - a +0 cloak (worn)
 v - a +1 leather armour of fire resistance (worn)
Wands
 o - a wand of flame (16/48)
 u - a wand of fireball (10/15)
Scrolls
 c - a scroll of magic mapping
 k - 2 scrolls of remove curse
 l - 2 scrolls of teleportation
Potions
 i - a potion of curing
 j - a potion of agility
 t - a potion of lignification
Comestibles
 g - 4 bread rations
 h - 2 meat rations
 n - a royal jelly
 q - a fruit
 s - a beef jerky


   Skills:
 * Level 3.0 Fighting
 * Level 3.1 Short Blades
 * Level 2.9 Throwing
 * Level 3.4 Armour
 * Level 3.1 Dodging
 * Level 5.0 Stealth


You had 6 spell levels left.
You didn't know any spells.

Dungeon Overview and Level Annotations

Branches:
Dungeon (5/15)
 Temple: D:4-7

Shops:
D:4 }


Innate Abilities, Weirdness & Mutations

You have an increased reservoir of magic (+10% MP).
Your attributes are resistant to harm.


Message History

You shoot a poisoned needle.
Firing (i - inventory):
e - 11 poisoned needles (quivered)
Press: ? - help, Shift-Dir - straight line You shoot a poisoned needle.
A sky beast appears from thin air!
Reactivating autopickup.
The sky beast hits you but does no damage.
a - a +3 dagger (weapon)
You hit the sky beast but do no damage.
The sky beast is heavily wounded.
The sky beast hits you.
* * * LOW HITPOINT WARNING * * *
The sky beast shocks you.
* * * LOW HITPOINT WARNING * * *
You closely miss the sky beast.
The sky beast is severely wounded.
You completely miss the sky beast.
The sky beast is severely wounded.
The sky beast is no longer moving slowly.
The sky beast hits you.
You die...

...#..#####........#
...#.............#.#
.#.#...##...##.#.#.####.#
........................>
.#.##############.#####.
...# ##).####+#+#### .#.#
#.............. .#.#
###.###........ # #
#@Y...(.(......
####.##..$.....
.............
##............
#.#..........
#....#+#.#### ####.# .#
#.. .#


You could see a sky beast.

Vanquished Creatures
  Eustachio (D:5)
  Edmund (D:4)
  A sky beast (D:5)
  3 scorpions (D:4)
  Crazy Yiuf (D:3)
  Natasha (D:4)
  Terence (D:2)
  4 adders
  An ooze (D:2)
  5 giant geckos
  2 orcs
  5 bats
  3 giant cockroaches
  3 hobgoblins (D:1)
  6 jackals (D:4)
  4 kobolds
  2 quokkas (D:2)
  A giant gecko skeleton (D:5)
  2 giant newts
  7 goblins
  A jackal skeleton (D:4)
  5 rats
60 creatures vanquished.

Notes
Turn   | Place    | Note
--------------------------------------------------------------
     0 | D:1      | Leibowitz the Demigod Assassin began the quest for the Orb.
     0 | D:1      | Reached XP level 1. HP: 17/17 MP: 3/3
   205 | D:1      | Reached skill level 1 in Dodging
   289 | D:1      | Reached XP level 2. HP: 19/24 MP: 4/4
   886 | D:2      | Found a bloodstained altar of Trog.
   895 | D:2      | Reached skill level 4 in Stealth
   977 | D:2      | Reached XP level 3. HP: 16/29 MP: 5/5
  1002 | D:2      | Reached skill level 1 in Armour
  1276 | D:2      | Found an ancient bone altar of Kikubaaqudgha.
  1283 | D:2      | Found a basalt altar of Yredelemnul.
  1288 | D:2      | Found a shadowy altar of Dithmenos.
  1295 | D:2      | Found a bloodstained altar of Trog.
  1299 | D:2      | Found a shattered altar of Ashenzari.
  1305 | D:2      | Found a deep blue altar of Sif Muna.
  1309 | D:2      | Found a stormy altar of Qazlal.
  1370 | D:2      | Noticed Terence
  1397 | D:2      | Killed Terence
  1910 | D:3      | Reached XP level 4. HP: 36/36 MP: 6/6
  1956 | D:3      | Found an iron altar of Okawaru.
  2127 | D:3      | Noticed Crazy Yiuf
  2134 | D:3      | Killed Crazy Yiuf
  2288 | D:4      | Found Gakhlo's Gadget Shoppe.
  2378 | D:4      | Noticed Edmund
  2401 | D:4      | Killed Edmund
  2401 | D:4      | Reached XP level 5. HP: 31/42 MP: 7/7
  2434 | D:4      | Found a radiant altar of Vehumet.
  2821 | D:4      | Reached XP level 6. HP: 47/50 MP: 8/8
  3228 | D:4      | Noticed Natasha
  3232 | D:4      | Killed Natasha
  3331 | D:5      | Entered Level 5 of the Dungeon
  3453 | D:5      | Noticed Eustachio
  3465 | D:5      | Killed Eustachio
  3465 | D:5      | Reached skill level 5 in Stealth
  3465 | D:5      | Reached XP level 7. HP: 26/57 MP: 9/9
  3495 | D:5      | Slain by a sky beast

Vault maps used:
D:1:      minmay_arrival_loop
D:2:      grunt_temple_overflow_octagram, minmay_misc_feat_chi,
          trog_butcher_becter, uniq_terence
D:3:      lemuel_round_altar, uniq_crazy_yiuf_cottage
D:4:      vehumet_altar_wand_db, serial_shops, shop, uniq_edmund, uniq_natasha
D:5:      minmay_temple_entry_poolview, first_bread, gup_sewer_entry_glass,
          uniq_pikel, uniq_duvessa, uniq_sigmund, uniq_eustachio

Action                   |  1- 3 |  4- 6 |  7- 9 || total
-------------------------+-------+-------+-------++-------
Melee: Dagger            |   136 |   104 |     9 ||   249
       Blowgun           |       |     1 |       ||     1
 Fire: Blowgun           |     3 |    18 |     3 ||    24
Evoke: Wand              |       |     3 |       ||     3
  Use: Potion            |       |     5 |     1 ||     6
       Scroll            |       |     7 |       ||     7
 Stab: Sleeping          |     3 |     3 |       ||     6
  Eat: Chunk             |     3 |     5 |       ||     8
